 Dungeon Crawl Stone Soup version 0.17.1-2-g5865329 (webtiles) character file.

83 chupachota the Shield-Bearer (level 4, -1/42 HPs)
             Began as a Deep Dwarf Fighter on Jan 20, 2016.
             Slain by a gnoll (4 damage)
             ... on level 2 of the Dungeon.
             The game lasted 00:07:09 (1138 turns).

chupachota the Shield-Bearer (Deep Dwarf Fighter)   Turns: 1138, Time: 00:07:10

Health: -1/42      AC:  7    Str: 21    XL:     4   Next: 22%
Magic:  4/4        EV:  8    Int:  8    God:
Gold:   30         SH:  9    Dex: 12    Spells: 0 memorised, 3 levels left

rFire  . . .     SeeInvis .     a - +0 war axe
rCold  . . .     Clarity  .     b - +0 scale mail
rNeg   . . .     SustAt   .     c - +0 shield
rPois  .         Gourm    .     (no helmet)
rElec  .         Spirit   .     (no cloak)
rCorr  .         Warding  .     (no gloves)
rMut   .         Stasis   .     (no boots)
MR     .....                    (no amulet)
Stlth  ..........               (no ring)
                                (no ring)

@: non-regenerating, not resistant to hostile enchantments, extremely unstealthy
A: damage resistance, recharge devices, sense surroundings 1, slow regeneration
3
a: Device Recharging


You were on level 2 of the Dungeon.
You were not hungry.

You visited 1 branch of the dungeon, and saw 2 of its levels.

You collected 30 gold pieces.

Inventory:

Hand Weapons
 a - a +0 war axe (weapon)
Armour
 b - a +0 scale mail (worn)
 c - a +0 shield (worn)
 h - a +0 pair of gloves
 l - a +0 ring mail
 r - a +0 ring mail
 s - a +0 leather armour
Wands
 e - a wand of heal wounds (5)
Scrolls
 g - a scroll of random uselessness {unknown}
 i - a scroll of amnesia {unknown}
 k - 2 scrolls of fog {unknown}
 n - a scroll of fear {unknown}
 o - 2 scrolls of identify {unknown}
 q - 2 scrolls of remove curse {unknown}
 v - a scroll of enchant armour {unknown}
Potions
 d - 2 potions of might
 j - 3 potions of curing {unknown}
 m - a potion of invisibility {unknown}
 p - a potion of heal wounds {unknown}
Comestibles
 f - a bread ration
 t - a slice of pizza
 u - 8 chunks of flesh
 w - a meat ration


   Skills:
 + Level 3.0 Fighting
 + Level 2.9 Axes
 + Level 3.7 Armour
 + Level 1.5 Dodging
 + Level 0.3 Stealth
 + Level 4.1 Shields


You had 3 spell levels left.
You didn't know any spells.

Dungeon Overview and Level Annotations

Branches:
Dungeon (2/15)

Altars:


Innate Abilities, Weirdness & Mutations

You are resistant to damage.
You can recharge devices by infusing magical energy.
You passively map a small area around you.
You do not regenerate naturally.


Message History

You block the gnoll's attack.
You closely miss the gnoll.
The gnoll is severely wounded.
You closely miss the gnoll. You hit the adder.
The adder is heavily wounded.
You hit the plant but do no damage.
The plant is heavily damaged.
The adder barely misses you. You block the adder's attack. The gnoll hits you!
* * * LOW HITPOINT WARNING * * *
The gnoll splashes around in the water.
You slash the gnoll!
You kill the gnoll!
You slash the gnoll!
The gnoll is heavily wounded.
Your shield prevents you from hitting the adder.
The adder is heavily wounded.
You hit the plant but do no damage.
The plant is heavily damaged.
You block the adder's attack. The gnoll hits you.
You die...

...........#.#.#######..#.#.)...#
......######...# ##.#.#...###
####### *###### # ###.###.... , *
#.. .# ##.## #..,..### ,
*#...#.#..#.## #.# #.# # , , #
#P.#..#.#P.## #.# # ≈
#.#....P#P..#.## #. ≈ ≈
..P≈PhS.....#P##.###'### ≈
..≈≈≈≈P@≈≈≈P...#........
P≈≈≈≈h†g≈≈≈≈P..#........
≈≈≈≈≈.≈≈≈=≈≈≈≈.#........ *
≈#≈≈≈#≈≈≈#≈≈≈#.#........
##.###.###.####......)) ≈, #..
#...#...#.......... ,,
...,(................... , ..
..................... , ,
......................


You could see a gnoll, an adder and 2 jackals.

Vanquished Creatures
  2 gnolls (D:2)
  3 adders (D:2)
  A ball python (D:1)
  2 bats (D:1)
  A giant cockroach (D:1)
  A goblin (D:1)
  3 hobgoblins
  5 giant newts
  12 jackals
  3 kobolds
  5 rats
38 creatures vanquished.

Notes
Turn   | Place    | Note
--------------------------------------------------------------
     0 | D:1      | chupachota the Deep Dwarf Fighter began the quest for the Orb.
     0 | D:1      | Reached XP level 1. HP: 20/20 MP: 1/1
   291 | D:1      | Reached XP level 2. HP: 27/27 MP: 2/2
   919 | D:2      | Reached XP level 3. HP: 24/33 MP: 3/3
  1049 | D:2      | Reached skill level 4 in Shields
  1123 | D:2      | Reached skill level 1 in Dodging
  1135 | D:2      | Reached XP level 4. HP: 9/42 MP: 4/4
  1138 | D:2      | Slain by a gnoll

Action                   |  1- 3 |  4- 6 || total
-------------------------+-------+-------++-------
Melee: War axe           |   127 |     3 ||   130
  Eat: Chunk             |     1 |       ||     1
